 Dungeon Crawl Stone Soup version 0.28-a0-1080-g05a166d0ed (webtiles) character file.

Game seed: 15631016223551404235

547 yoda5477 the Chopper (level 7, 0/52 HPs)
             Began as a Demonspawn Fighter on Dec 9, 2021.
             Was an Initiate of Wu Jian.
             Killed by divine providence
             ... invoked by an orc priest
              (14 damage)
             ... on level 5 of the Dungeon.
             The game lasted 00:14:58 (5695 turns).

yoda5477 the Chopper (Demonspawn Fighter)           Turns: 5695, Time: 00:14:59

Health: 0/52       AC:  9    Str: 19    XL:     7   Next: 7%
Magic:  7/7        EV:  7    Int:  9    God:    Wu Jian [......]
Gold:   176        SH:  5    Dex: 12    Spells: 6/6 levels left

rFire   . . .      SeeInvis .   a - +1 war axe
rCold   . . .      Faith    .   c - +1 buckler
rNeg    . . .      Spirit   .   s - +0 chain mail
rPois   +          Reflect  .   n - +0 hat
rElec   .          Harm     .   (no cloak)
rCorr   +          Rampage  .   (no gloves)
Will    .....                   (no boots)
Stlth   ..........              (no amulet)
HPRegen 0.17/turn               g - ring of resist corrosion
MPRegen 0.10/turn               l - ring of poison resistance

@: no status effects
A: hooves 1, foul stench 2
a: Renounce Religion


You were on level 5 of the Dungeon.
You worshipped Wu Jian.
Wu Jian was noncommittal.
You visited 2 branches of the dungeon, and saw 6 of its levels.

You collected 176 gold pieces.

Inventory:

Hand Weapons
 a - a +1 war axe (weapon)
 m - a +0 hunting sling
 o - a +1 dagger of venom
Missiles
 i - 98 stones
 r - 18 arrows
 u - 8 poisoned darts (quivered)
 v - 15 bolts
 x - 6 atropa-tipped darts
Armour
 b - a +0 scale mail
 c - a +1 buckler (worn)
 n - a +0 hat (worn)
 s - a +0 chain mail (worn)
 A - a +0 tower shield
Magical Staves
 t - a staff of fire
Jewellery
 g - a ring of resist corrosion (left hand)
 h - a ring of wizardry
 l - a ring of poison resistance (right hand)
 C - a +6 ring of intelligence
Scrolls
 f - 3 scrolls of identify
 j - 2 scrolls of enchant weapon
 w - a scroll of enchant armour
 y - a scroll of magic mapping {unknown}
 z - a scroll of amnesia {unknown}
 B - a scroll of immolation {unknown}
Potions
 d - a potion of might
 k - a potion of ambrosia
 p - a potion of brilliance {unknown}
 q - a potion of lignification {unknown}
 D - a potion of curing {unknown}


   Skills:
 - Level 3.0 Fighting
 * Level 6.3 Axes
 + Level 3.4 Armour
 + Level 3.5 Shields


You had 6 spell levels left.
You didn't know any spells.
Your spell library was empty.

Dungeon Overview and Level Annotations

Branches:
Dungeon (5/15)             Temple (1/1) D:4

Altars:
Cheibriados
Dithmenos
Elyvilon
Fedhas
Kikubaaqudgha
Makhleb
Nemelex Xobeh
Qazlal
Ru
Sif Muna
Trog
Uskayaw
Vehumet
Wu Jian
Xom
Yredelemnul
Zin
The Shining One


Innate Abilities, Weirdness & Mutations

You have large cloven feet.
You sometimes emit foul miasma when damaged in melee.


Message History

You kill the orc!
The Council accepts your kill. You block the orc wizard's attack.
You hit the orc wizard but do no damage.
You kick the orc wizard.
You kill the orc wizard!
The Council accepts your kill.
You slash the orc!
You kill the orc!
The Council accepts your kill.
Items here: ))) [[[ †.
You start resting.
An orc warrior is nearby!
The orc warrior shouts!
There is a stone staircase leading up, spattered with blood here.
You lunge at the orc warrior.
You completely miss the orc warrior. Your kick misses the orc warrior.
The orc warrior completely misses you.
There is a stone staircase leading up, spattered with blood here.
You completely miss the orc warrior. Your kick misses the orc warrior.
The orc warrior hits you with a +2 mace of holy wrath.
You convulse!
You hit the orc warrior. Your kick misses the orc warrior.
The orc warrior is lightly wounded.
The orc warrior hits you with a +2 mace of holy wrath!
* * * LOW HITPOINT WARNING * * *
You convulse.
* * * LOW HITPOINT WARNING * * *
You hit the orc warrior. Your kick misses the orc warrior.
The orc warrior is moderately wounded.
The orc warrior completely misses you.
Blink to where?
Press: ? - help, Dir - move target
Found 32 stones.
As you read the scroll of blinking, it crumbles to dust.
The orc priest shouts!
The orc priest looks satisfied for a moment.
Found 28 arrows.
The orc priest invokes the aid of Beogh against you.
Beogh smites you!
You die...

.....# #....(..#.
....#..........
...##........#.? #
#..#.##...... o.. ##.
####.#..........#..
(...#.#o........##...
.
........###.##.#......
...###..# #..........
.. ##.@####.o.......
..#....#.#........
#.......?.....#...
##.##.###.##...# ##
#..##...#).....#.
##.......)........
#.#.#..)...........
###.<...##.###(.#
#....## ## ###


You could see an orc priest.

Vanquished Creatures
  2 scorpions (D:4)
  A hound (Temple)
  4 orc priests
  An iguana (D:4)
  3 orc wizards
  8 adders
  An adder skeleton (D:4)
  3 worms
  2 dart slugs (D:1)
  13 orcs
  5 ball pythons
  7 endoplasms
  2 giant cockroaches
  8 hobgoblins
  3 jackals (D:1)
  5 kobolds
  4 quokkas
  8 bats
  4 frilled lizards
  8 goblins
  2 rats
94 creatures vanquished.

Notes
Turn   | Place    | Note
-------+----------+-------------------------------------------
     0 | D:1      | yoda5477 the Demonspawn Fighter began the quest for the
                  | Orb.
     0 | D:1      | Reached XP level 1. HP: 18/18 MP: 1/1
    29 | D:1      | Reached skill level 2 in Axes
   399 | D:1      | Gained mutation: You may rarely emit foul miasma when
                  | damaged in melee. [demonic ancestry]
   399 | D:1      | Reached XP level 2. HP: 24/24 MP: 2/2
   714 | D:1      | Gained mutation: You have large cloven feet. [demonic
                  | ancestry]
   714 | D:1      | Reached XP level 3. HP: 29/29 MP: 3/3
   792 | D:1      | Reached skill level 3 in Axes
  2291 | D:3      | Reached XP level 4. HP: 28/35 MP: 4/4
  2479 | D:2      | Reached skill level 4 in Axes
  2877 | D:3      | Reached XP level 5. HP: 22/41 MP: 5/5
  3193 | D:3      | Found a faded altar of an unknown god.
  3962 | D:4      | Reached skill level 5 in Axes
  4230 | D:4      | Found a staircase to the Ecumenical Temple.
  4241 | Temple   | Entered the Ecumenical Temple
  4318 | Temple   | Became a worshipper of the Wu Jian Council
  4443 | D:4      | Reached XP level 6. HP: 44/47 MP: 6/6
  4479 | D:5      | Entered Level 5 of the Dungeon
  5121 | D:5      | Noticed an orc warrior
  5523 | D:4      | Reached skill level 6 in Axes
  5651 | D:5      | Gained mutation: You sometimes emit foul miasma when
                  | damaged in melee. [demonic ancestry]
  5651 | D:5      | Reached XP level 7. HP: 48/52 MP: 7/7
  5695 | D:5      | Killed from afar by an orc priest

Illustrated notes

Levels and vault maps discovered:
D:1:      lightli_arrival_chessboard, layout_basic, minmay_misc_feat_diagonals,
          st_stairs_4
D:2:      layout_basic
D:3:      layout_loops_corners, ebering_ecumenical_altar_mist,
          amethyst_killhole, kennysheep_generic_room_14
D:4:      layout_basic, minmay_temple_entry_mini_moons
D:5:      layout_cave_pools, nzn_hepliaklqana_mist_gate
Temple:   regret_index_temple_mists

Skill      XL: |  1  2  3  4  5  6 |
---------------+-------------------+-----
Axes           | 2 3 4 5 6 |  6.3
Shields        | 3 |  3.5
Armour         | 3 |  3.4
Fighting       | |  3.0

Action                   |  1- 3 |  4- 6 |  7- 9 || total
-------------------------+-------+-------+-------++-------
Melee: War axe           |   116 |   130 |    14 ||   260
       Kick              |     9 |    34 |     4 ||    47
Invok: Lunge             |       |     4 |     1 ||     5
  Use: Scroll            |     5 |       |     1 ||     6
Armor: Scale mail        |    67 |     9 |       ||    76
       Chain mail        |       |    69 |     2 ||    71
Dodge: Dodged            |    51 |    37 |     3 ||    91
Block: Buckler           |    30 |    29 |     3 ||    62

Table legend: (Time is in decaauts)
 A = Elapsed time spent in this place.
 B = Non-inter-level travel time spent in this place.
 C = Inter-level travel time spent in this place.
 D = Time resting spent in this place.
 E = Time spent auto-exploring this place.
 F = Levels seen in this place.
 G = Mean time per level.
                   A        B        C        D        E       F      G
               +--------+--------+--------+--------+--------+-----+--------+
         Total |   5849 |   5577 |    272 |   1420 |   2986 |   6 |  974.8 |
       Dungeon |   5599 |   5350 |    249 |   1379 |   2842 |   5 | 1119.8 |
        Temple |    250 |    227 |     23 |     41 |    144 |   1 |  250.0 |
               +--------+--------+--------+--------+--------+-----+--------+

Top non-repeatable levels by time:
     D:3: 1638 daAuts
     D:2: 1441 daAuts
     D:4: 1438 daAuts
     D:1: 1007 daAuts
  Temple: 250 daAuts
     D:5: 73 daAuts
